 Dungeon Crawl Stone Soup version 0.21-a0-460-g737a915 (webtiles) character file.

88 slep the Skirmisher (level 4, -1/37 HPs)
             Began as a Demonspawn Monk on Nov 21, 2017.
             Slain by a worm (6 damage)
             ... on level 2 of the Dungeon.
             The game lasted 00:05:04 (1116 turns).

slep the Skirmisher (Demonspawn Monk)               Turns: 1116, Time: 00:05:05

Health: -1/37      AC:  9    Str: 12    XL:     4   Next: 30%
Magic:  0/4        EV:  6    Int: 11    God:
Gold:   48         SH:  0    Dex: 16    Spells: 3/3 levels left

rFire    . . .     SeeInvis .   a - +0 falchion
rCold    . . .     Gourm    .   (no shield)
rNeg     . . .     Faith    .   e - +0 chain mail
rPois    .         Spirit   +   (no helmet)
rElec    .         Reflect  .   q - scarf {Spirit}
rCorr    .         Harm     .   (no gloves)
MR       .....                  (no boots)
Stlth    ..........             (no amulet)
HPRegen  0.12/turn              (no ring)
MPRegen  0.09/turn              (no ring)

@: hasted, very quick
A: rugged brown scales 1, magic shield
a: no special abilities


You were on level 2 of the Dungeon.
You were not hungry.

You visited 1 branch of the dungeon, and saw 2 of its levels.

You collected 48 gold pieces.

Inventory:

Hand Weapons
 a - a +0 falchion (weapon)
Missiles
 h - 19 poisoned needles
Armour
 b - a +0 robe
 e - a +0 chain mail (worn)
 q - a scarf of spirit shield (worn)
Scrolls
 f - 3 scrolls of enchant weapon {unknown}
 j - a scroll of fog {unknown}
 l - 2 scrolls of remove curse {unknown}
 m - a scroll of teleportation {unknown}
 p - a scroll of identify {unknown}
 r - a scroll of immolation {unknown}
 s - a scroll of magic mapping {unknown}
Potions
 g - a potion of agility {unknown}
 i - a potion of haste
 k - a potion of might {unknown}
 o - a potion of ambrosia {unknown}
Comestibles
 c - 2 bread rations
 d - 3 meat rations


   Skills:
 + Level 3.6 Fighting
 + Level 3.6 Long Blades
 + Level 0.7 Armour
 + Level 3.2 Dodging
 + Level 1.7 Stealth


You had 3 spell levels left.
You didn't know any spells.

Dungeon Overview and Level Annotations

Branches:
Dungeon (2/15)

Altars:
Trog


Innate Abilities, Weirdness & Mutations

You are partially covered in rugged brown scales. (AC +1, +3% HP)
When hurt, damage is shared between your health and your magic reserves.


Message History

* * * LOW HITPOINT WARNING * * *
You hit the worm.
The worm is heavily wounded.
You barely miss the worm.
The worm is heavily wounded.
The worm bites you.
* * * LOW HITPOINT WARNING * * *
Your chain mail prevents you from hitting the worm.
The worm is heavily wounded.
You hit the worm.
The worm is severely wounded.
You barely miss the worm.
The worm is severely wounded.
The worm bites you but does no damage.
Your chain mail prevents you from hitting the worm.
The worm is severely wounded.
You hit the worm.
The worm is almost dead.
The worm bites you!
You die...

....... #.>.....#.......
....... #.#######.......
....... #.# .........
.......####.# ###......
..........#.# ####......
.$.w...##.#.# #.........
.........#.#.# #.........
#.........#w#.# #.........
.........#@#.# #..)......
.........#.#[# #...######
(.....##.#.#.# #...†.....
.........#.#.##.##.........
#.......#.##............
####....####.########......
#.......# #.# ............
##.#.#..# #.# ............
# #.#..# #.# ............


You could see a worm.

Vanquished Creatures
  5 adders (D:2)
  A dart slug (D:1)
  A leopard gecko (D:1)
  5 bats
  2 giant cockroaches (D:1)
  5 goblins (D:2)
  7 hobgoblins
  A quokka (D:2)
  3 frilled lizards (D:1)
  4 kobolds
  4 rats
38 creatures vanquished.

Notes
Turn   | Place    | Note
-------+----------+-------------------------------------------
     0 | D:1      | slep the Demonspawn Monk began the quest for the Orb.
     0 | D:1      | Reached XP level 1. HP: 18/18 MP: 1/1
   160 | D:1      | Gained mutation: You are partially covered in rugged brown scales. (AC +1, +3% HP) [demonic ancestry]
   160 | D:1      | Reached XP level 2. HP: 16/24 MP: 2/2
   659 | D:2      | Gained mutation: When hurt, damage is shared between your health and your magic reserves. [demonic ancestry]
   659 | D:2      | Reached XP level 3. HP: 25/29 MP: 3/3
   912 | D:2      | Found a bloodstained altar of Trog.
  1013 | D:2      | Reached XP level 4. HP: 26/37 MP: 2/4
  1116 | D:2      | Slain by a worm

Vault maps used:
D:1:      evilmike_arrival_plus, serial_bayou_pond_c
D:2:      led_sif_pool, nicolae_overflow_crystal_walls

Skill      XL: |  1  2 |
---------------+-------+-----
Dodging        | 3 |  3.2
Long Blades    | 3 |  3.6
Fighting       | |  3.6
Armour         | |  0.7
Stealth        | |  1.7

Action                   |  1- 3 |  4- 6 || total
-------------------------+-------+-------++-------
Melee: Falchion          |   165 |    29 ||   194
  Use: Potion            |       |     1 ||     1
  Eat: Chunk             |       |     1 ||     1
Armor: Chain mail        |   118 |    10 ||   128
Dodge: Dodged            |    74 |    10 ||    84
       Rpst.: Falchion   |    28 |     3 ||    31

Table legend:
 A = Spawn XP
 B = Non-spawn XP
 C = Spawn XP percentage of total XP
 D = Spawn monster count
 E = Non-spawn monster count
 F = Spawn count percentage of total count
 G = Total turns spent on level
                    A         B        C        D         E        F      G
               +---------+---------+-------+---------+---------+-------+---------
         Total |       0 |     127 |   0.0 |       0 |      38 |   0.0 |  1116
               +---------+---------+-------+---------+---------+-------+---------
           D:1 |       0 |      34 |   0.0 |       0 |      18 |   0.0 |   585
           D:2 |       0 |      93 |   0.0 |       0 |      20 |   0.0 |   531
               +---------+---------+-------+---------+---------+-------+---------
